Map: Submarine LE

Players

Massa - Winner!

  • Race: Terran Terran
  • League: Platinum
  • Spawn Location: 5:00

Ren

  • Race: Terran Terran
  • League: Platinum
  • Spawn Location: 11:00

VOD

Have the link to the VOD?

Description

Time

  • Played on: Sept. 26, 2020, 7:42 a.m.
  • Length: 15:43
Show
View Real Time Build Order
Export as new Build Order

Massa Terran - Winner!

Build Orders: Reaper Expand 

Get SALT Encoding   

  12  0:00  SCV  
  13  0:12  SCV  
  14  0:17  Supply Depot  
  14  0:24  SCV  
  15  0:38  SCV  
  15  0:40  Barracks  
  16  0:50  SCV  
  16  0:52  Refinery  
  17  1:02  SCV  
  18  1:15  SCV  
  19  1:27  Orbital Command  
  19  1:35  Command Center  
  19  1:38  Reaper  
  20  1:55  SCV  
  20  2:00  Supply Depot  
  21  2:07  SCV  
  22  2:10  Marine  
  23  2:22  SCV  
  24  2:24  Factory  
  24  2:36  Barracks Reactor  
  23  2:53  SCV  
  24  3:02  Orbital Command  
  24  3:05  SCV  
  25  3:09  Starport  
  25  3:10  Command Center  
  25  3:17  SCV  
  26  3:38  Refinery, SCV x2  
  28  3:42  Hellion x2  
  28  3:46  Barracks Tech Lab  
  32  3:50  SCV  
  32  3:51  SCV  
  34  3:56  Medivac  
  36  4:02  SCV  
  36  4:03  SCV  
  36  4:04  Hellion x2  
  42  4:20  Engineering Bay  
  42  4:23  Supply Depot  
  40  4:25  Hellion x2  
  41  4:40  SCV x2  
  41  4:42  Orbital Command  
  43  4:52  SCV  
  44  5:08  SCV x3  
  47  5:19  Missile Turret  
  47  5:20  SCV x3, Starport Reactor  
  50  5:22  Missile Turret x2  
  50  5:24  Missile Turret  
  50  5:25  Missile Turret  
  50  5:32  SCV  
  51  5:41  Missile Turret x2  
  49  5:43  Missile Turret  
  49  5:44  Missile Turret  
  49  5:47  Missile Turret  
  49  6:00  SCV  
  49  6:01  SCV x2  
  49  6:02  Viking x2  
  56  6:08  Missile Turret  
  56  6:09  Stimpack  
  56  6:13  SCV  
  56  6:17  Refinery  
  57  6:20  Widow Mine x2  
  57  6:22  Marauder  
  61  6:32  Viking x2  
  65  6:43  Marauder  
  67  6:52  Orbital Command  
  67  6:56  SCV x2  
  69  7:11  Missile Turret x2  
  69  7:12  Missile Turret  
  69  7:21  Supply Depot  
  69  7:22  Supply Depot x2  
  69  7:29  Barracks  
  69  7:32  Barracks  
  69  7:33  Missile Turret  
  69  7:34  Missile Turret  
  69  7:35  Missile Turret  
  69  7:37  Missile Turret  
  69  7:42  SCV x3, Marauder  
  74  7:45  Supply Depot  
  74  7:54  SCV x2  
  74  7:55  Missile Turret x2  
  74  8:04  Marauder  
  70  8:23  Barracks Reactor x2  
  70  8:25  Marauder  
  70  8:26  Terran Infantry Weapons Level 1  
  72  8:30  Engineering Bay  
  72  8:34  Armory  
  72  8:35  Armory  
  71  8:47  Marauder  
  68  9:00  Marine  
  68  9:01  Marine x3  
  72  9:08  Marauder, Medivac x2  
  78  9:10  Combat Shield  
  76  9:18  Marine  
  76  9:19  Marine x3  
  76  9:21  Refinery, Barracks  
  76  9:23  Terran Infantry Armor Level 1  
  80  9:24  Factory Tech Lab, Terran Vehicle Weapons Level 1  
  80  9:25  Terran Vehicle And Ship Armor Level 1  
  80  9:29  Marauder  
  82  9:35  Command Center  
  82  9:36  Marine x2  
  84  9:41  Marine x2  
  86  9:51  Marauder  
  88  9:54  Marine x2  
  88  9:58  Marine  
  88  9:59  Marine  
  92  10:04  Medivac x2  
  92  10:06  Siege Tank  
  99  10:12  Marauder, Marine x2  
  101  10:25  Supply Depot x2  
  101  10:29  Concussive Shells  
  101  10:39  Supply Depot  
  101  10:46  Marine x6, Siege Tank  
  101  10:47  Marauder  
  101  10:48  Orbital Command  
  112  10:57  Smart Servos  
  112  10:59  Medivac x2  
  116  11:04  Marine x5, Supply Depot  
  116  11:08  Marauder  
  123  11:28  Supply Depot  
  123  11:30  Marauder  
  125  11:41  Marine x6  
  131  11:51  Marauder, Supply Depot  
  133  11:59  Marine x6  
  139  12:04  Sensor Tower  
  139  12:08  Sensor Tower  
  139  12:12  Marauder  
  139  12:14  SCV  
  139  12:15  SCV x2, Supply Depot  
  144  12:16  Marine  
  144  12:17  Marine  
  142  12:24  Orbital Command  
  142  12:27  SCV x3  
  139  12:34  Marauder, Marine x5  
  139  12:35  Marine  
  147  12:37  Terran Infantry Armor Level 2, Terran Infantry Weapons Level 2  
  147  12:39  Terran Vehicle And Ship Armor Level 2, SCV, Terran Vehicle Weapons Level 2  
  142  12:52  Marine x6  
  142  12:55  Marauder  
  145  13:03  SCV x2  
  145  13:04  SCV x2  
  147  13:09  Sensor Tower  
  147  13:15  SCV  
  147  13:16  SCV, Marauder  
  147  13:18  Factory  
  147  13:19  Marine  
  151  13:20  Marine x5  
  151  13:23  Medivac  
  151  13:24  Medivac  
  154  13:37  Marine x3  
  154  13:38  Marauder, Marine x3  
  146  13:53  Medivac  
  146  13:55  Marine x4  
  142  13:56  Marine x2  
  142  13:59  Marauder  
  114  14:13  Marine  
  110  14:21  Marauder  
  106  14:31  Marine  
  106  14:32  Marine x5  
  106  14:36  Siege Tank  
  115  14:42  Marauder  
  113  14:49  Marine  
  113  14:50  Marine x5  
  107  15:03  Marauder  
  107  15:07  Marine  
  107  15:08  Marine x5, Siege Tank  
  120  15:30  Refinery  
  120  15:33  Refinery  
  120  15:42  Refinery  
Show
View Real Time Build Order
Export as new Build Order

Ren Terran 

Build Orders: Gas First Reaper Expand 

Get SALT Encoding   

  12  0:00  SCV  
  13  0:16  Supply Depot  
  13  0:19  Refinery  
  13  0:25  SCV  
  14  0:37  SCV  
  15  0:43  Barracks  
  15  0:51  SCV  
  16  1:03  SCV  
  17  1:15  SCV  
  18  1:27  SCV  
  18  1:32  Reaper  
  20  1:39  Orbital Command  
  20  1:54  Command Center  
  20  2:13  Barracks Reactor  
  20  2:15  Factory  
  20  2:16  Supply Depot  
  20  2:19  SCV  
  21  2:30  Refinery  
  21  2:31  SCV  
  22  2:43  SCV  
  22  3:02  Starport  
  22  3:06  Barracks Tech Lab, Hellion x2  
  26  3:12  Orbital Command  
  25  3:27  Hellion  
  25  3:28  Hellion  
  29  3:42  SCV  
  30  3:54  SCV  
  31  3:56  Fusion Core  
  31  4:01  Hellion x2  
  35  4:06  SCV x2  
  35  4:08  Supply Depot  
  37  4:18  SCV, Barracks Tech Lab  
  37  4:19  SCV  
  37  4:22  Hellion  
  41  4:30  SCV, Supply Depot  
  38  4:36  Hellion  
  38  4:44  Hellion  
  40  4:48  Battlecruiser  
  46  4:55  SCV x2  
  46  4:58  Hellion  
  50  5:06  Hellion  
  50  5:08  SCV x2  
  52  5:19  Hellion  
  52  5:21  Refinery  
  54  5:26  Supply Depot  
  54  5:29  Supply Depot  
  54  5:31  Supply Depot  
  46  6:21  Armory  
  46  6:22  Factory  
  46  6:23  Armory  
  46  6:28  Factory  
  46  6:55  Refinery  
  46  6:57  Command Center  
  46  7:03  SCV  
  46  7:04  SCV  
  46  7:07  Weapon Refit  
  48  7:15  SCV  
  49  7:25  Cyclone  
  49  7:26  Factory Tech Lab  
  52  7:45  Cyclone  
  52  7:46  Hellion  
  52  7:47  Hellion  
  59  7:56  Factory  
  59  7:58  Hellion  
  57  8:00  Supply Depot  
  57  8:01  Supply Depot  
  57  8:02  Supply Depot x2  
  56  8:08  Hellion x2  
  60  8:17  SCV x2  
  62  8:21  Orbital Command  
  62  8:24  Cyclone  
  62  8:25  Cyclone  
  68  8:29  SCV, Hellion  
  68  8:30  SCV  
  72  8:39  Mag-Field Accelerator, Infernal Pre-Igniter  
  68  8:41  SCV  
  68  8:42  SCV  
  70  8:53  SCV  
  70  8:54  SCV  
  68  9:03  Terran Vehicle And Ship Armor Level 1, Terran Ship Weapons Level 1  
  68  9:05  SCV  
  68  9:06  SCV  
  68  9:17  SCV  
  69  9:26  Orbital Command  
  67  9:38  Cyclone x2, Hellion x3  
  79  9:55  Factory  
  79  9:56  Factory  
  79  9:59  Hellion  
  81  10:00  Cyclone  
  81  10:01  Hellion  
  86  10:10  Hellion  
  86  10:11  Hellion  
  88  10:19  SCV x3  
  91  10:25  Command Center  
  91  10:31  SCV x3  
  94  10:42  Refinery  
  94  10:43  Refinery, SCV x3, Factory Tech Lab  
  94  10:44  Factory Tech Lab  
  97  10:55  SCV x3, Cyclone x3  
  97  10:56  Hellion x2  
  113  11:07  SCV x3  
  113  11:11  Siege Tank  
  115  11:18  Hellion  
  117  11:19  SCV  
  117  11:20  SCV x2  
  120  11:27  Cyclone x2  
  126  11:35  Cyclone  
  126  11:36  Cyclone  
  126  11:38  Hellion  
  126  11:39  Hellion, Engineering Bay  
  136  11:43  Cyclone  
  136  11:44  Terran Vehicle And Ship Armor Level 2  
  137  11:59  Cyclone  
  137  12:00  Hellion x3  
  141  12:04  Supply Depot  
  141  12:05  Supply Depot  
  141  12:07  Supply Depot x2  
  141  12:08  Hellion x2  
  147  12:15  Hellion  
  143  12:29  Hellion  
  153  12:30  Hellion x4  
  153  12:32  Hellion  
  157  12:37  Hellion  
  157  12:50  Hellion  
  157  12:51  Cyclone x3, Hellion  
  162  12:53  Cyclone  
  162  12:58  Cyclone  
  155  13:16  Hellion  
  155  13:17  Hellion  
  159  13:23  Cyclone x3  
  159  13:25  Cyclone  
  171  13:30  Hellion  
  170  13:35  Supply Depot  
  170  13:37  Hellion  
  170  13:38  Hellion  
  140  13:52  Hellion  
  129  13:55  Hellion x2  
  93  14:21  Hellion x7  
  104  14:28  Planetary Fortress  
  101  14:42  Hellion  
  101  14:43  Hellion x6  
  79  15:03  Hellion  
  79  15:04  Hellion  
Tags
 
Add a new tag
Caveats
  • Supply blocks, unpowered buildings, or Contaminate may cause inaccurate times.
  • Supply counts are checked every 10 seconds.